 Dungeon Crawl Stone Soup version 0.24.0-125-gc4c63601f3 (webtiles) character file.

Game seed: 16751563441063344923, levelgen mode: deterministic

71 Jerry the Ruffian (level 4, 0/45 HPs)
             Began as a Troll Monk on Feb 19, 2020.
             Slain by Grinder (10 damage)
             ... on level 3 of the Dungeon.
             The game lasted 00:06:25 (1567 turns).

Jerry the Ruffian (Troll Monk)                      Turns: 1567, Time: 00:06:26

Health: 0/45       AC:  6    Str: 19    XL:     4   Next: 5%
Magic:  3/3        EV: 11    Int:  7    God:
Gold:   30         SH:  0    Dex: 12    Spells: 3/3 levels left

rFire    . . .     SeeInvis .     - Unarmed
rCold    . . .     Gourm    +   (no shield)
rNeg     . . .     Faith    .   a - +0 robe
rPois    .         Spirit   .   (helmet restricted)
rElec    .         Reflect  .   (no cloak)
rCorr    .         Harm     .   (gloves unavailable)
MR       .....                  (boots unavailable)
Stlth    ++........             (no amulet)
HPRegen  0.55/turn              g - ring of flight
MPRegen  0.08/turn              (no ring)

@: very slightly contaminated, invisible
A: large, unfitting armour, claws 3, fast metabolism 3, gourmand, regeneration
1, shaggy fur 1, tough skin 3
a: Evoke Flight


You were on level 3 of the Dungeon.
You were completely stuffed.

You visited 1 branch of the dungeon, and saw 3 of its levels.

You collected 30 gold pieces.

Inventory:

Missiles
 n - 6 javelins (quivered)
Armour
 a - a +0 robe (worn)
Jewellery
 g - a ring of flight (left claw)
Scrolls
 d - a scroll of remove curse {unknown}
 e - a scroll of teleportation {unknown}
 f - a scroll of amnesia {unknown}
 h - 2 scrolls of identify {unknown}
 i - a scroll of immolation {unknown}
 l - 2 scrolls of enchant armour {unknown}
 m - a scroll of magic mapping {unknown}
Potions
 c - a potion of invisibility
Comestibles
 b - 3 rations
 k - a chunk of flesh


   Skills:
 + Level 3.0 Fighting
 + Level 3.0 Dodging
 - Level 1.0 Stealth
 + Level 3.7 Unarmed Combat


You had 3 spell levels left.
You didn't know any spells.
Your spell library was empty.

Dungeon Overview and Level Annotations

Branches:
Dungeon (3/15)

Altars:

Annotations:
D:3 Grinder


Innate Abilities, Weirdness & Mutations

You are too large for most types of armour.
You have claws for hands.
Your metabolism is lightning-fast.
You like to eat raw meat.
Your natural rate of healing is unusually fast.
You are covered in fur. (AC +1)
You have extremely tough skin. (AC +3)


Message History

You scratch Grinder.
Grinder is heavily wounded.
Grinder hits you!
You completely miss Grinder.
Grinder is heavily wounded.
Grinder gestures at you. Pain shoots through your body!
You barely miss Grinder.
Grinder is heavily wounded.
Grinder hits you!
You claw Grinder!
Grinder is severely wounded.
Grinder hits you!
* * * LOW HITPOINT WARNING * * *
You writhe in agony.
* * * LOW HITPOINT WARNING * * *
You claw Grinder!
Grinder is almost dead.
Grinder hits you!
You die...

####
..#
##.##
#...#
#<#.#
#@#.#
##5#.#
#....#
#..#.#
######


You could see Grinder.

Vanquished Creatures
  An adder (D:2)
  2 oozes (D:1)
  A worm (D:2)
  2 dart slugs (D:1)
  2 leopard geckos
  3 giant cockroaches
  10 goblins
  3 hobgoblins
  3 jackals (D:1)
  2 kobolds
  A quokka (D:2)
  5 bats
  3 frilled lizards
  A quokka zombie (D:2)
  4 rats
43 creatures vanquished.

Notes
Turn   | Place    | Note
-------+----------+-------------------------------------------
     0 | D:1      | Jerry the Troll Monk began the quest for the Orb.
     0 | D:1      | Reached XP level 1. HP: 22/22 MP: 0/0
   184 | D:1      | Reached XP level 2. HP: 29/29 MP: 1/1
   277 | D:1      | You fall into a shaft and drop 1 floor!
   461 | D:1      | Reached XP level 3. HP: 36/36 MP: 2/2
  1414 | D:2      | Reached XP level 4. HP: 44/45 MP: 3/3
  1547 | D:3      | Noticed Grinder
  1567 | D:3      | Slain by Grinder

Levels and vault maps discovered:
D:1:      matt_arrival_spirals, layout_basic, minmay_misc_feat_x,
          minmay_heptomino_o4
D:2:      layout_basic
D:3:      layout_basic, lemuel_statue_altar, uniq_grinder

Skill      XL: |  1  2  3 |
---------------+----------+-----
Fighting       | 3 |  3.0
Dodging        | 3 |  3.0
Stealth        | |  1.0
Unarmed Combat | |  3.7

Action                   |  1- 3 |  4- 6 || total
-------------------------+-------+-------++-------
Melee: Unarmed           |   115 |     8 ||   123
       Punch             |     2 |       ||     2
  Use: Potion            |       |     2 ||     2
 Stab: Sleeping          |     2 |     1 ||     3
  Eat: Chunk             |    18 |     2 ||    20
Armor: Robe              |    49 |       ||    49
Dodge: Dodged            |    69 |     1 ||    70
